[Event "*** Titled Tuesday Blitz"]
[Site "Chess.com"]
[Date "2019.07.02"]
[Round "2"]
[White "marcodobrikov"]
[Black "Oleksandr_Bortnyk"]
[Result "0-1"]
[WhiteElo "2497"]
[BlackElo "2939"]
[TimeControl "180+2"]
[EndTime "13:24:30 PDT"]
[Termination "Oleksandr_Bortnyk won by resignation"]

1. e4 g6 2. d4 Bg7 3. Nc3 d6 4.
Be3 a6 5. Qd2 b5 6. f3 Nd7 7.
O-O-O Bb7 8. h4 h5 9. Nh3 e6 10. Ng5 Ne7 11. Kb1 Nb6 12. Bd3 Qd7 13. Ne2 Nc4 14. Bxc4 bxc4 15. Qb4 Qb5 16. c3 O-O 17. g4 hxg4 18. fxg4 Qxb4 19. cxb4 f6 20. Nxe6 Bxe4+ 21.
Kc1 Nd5 22. Rh3 Rfe8 23. Nxg7 Kxg7 24. Rg3 Bc2 25. Re1 Nxb4 26. Kd2 Bd3 27. Nc3 Rab8 28. Bf2 Rxe1 29. Bxe1 Nxa2 30. g5 Rxb2+ 31. Ke3 Nxc3 32. Bxc3 Re2+ 33. Kf3 f5 34. d5+ Kf7 35. Rg1 Rc2 36. Bd4 Be4+ 37. Ke3 Bxd5 38. Ra1 Rh2 39. Rxa6 f4+ 40.
Kxf4 Rxh4+ 41. Kg3 Rxd4 0-1

[Event "*** Titled Tuesday Blitz"]
[Site "Chess.com"]
[Date "2019.07.02"]
[Round "2"]
[White "andrzej"]
[Black "Squirlolz"]
[Result "1-0"]
[WhiteElo "2332"]
[BlackElo "2396"]
[TimeControl "180+2"]
[EndTime "13:24:32 PDT"]
[Termination "andrzej won by checkmate"]

1. d4 Nf6 2. Bg5 d5 3. Bxf6 exf6 4. e3 Bd6 5. g3 h5 6. h4 c6 7.
Bg2 Nd7 8. Ne2 f5 9. Nd2 Nf6 10. c4 Be6 11. Qc2 g6 12. O-O Ne4 13. cxd5 cxd5 14.
Nxe4 fxe4 15. Qb3 O-O 16. Rac1 Qd7 17. Rc3 Rac8 18. Rfc1 Bb8 19. a3 Bg4 20. Rxc8 Rxc8 21. Rxc8+ Qxc8 22. Qc3 Qf5 23. Nf4 Bf3 24. Bh3 Bg4 25.
Bxg4 Qxg4 26. Nxd5 Qd1+ 27. Kh2 Kg7 28. Nf4 Bxf4 29.
exf4 Qe2 30. Kg2 Kh7 31. b4 a6 32. Qe3 Qc2 33. d5 Qc4 34. Qd2 Qc7 35. Qd4 Qe7 36. d6 Qd7 37. Qe5 Kg8 38. Qe7 Qc6 39. d7 e3+ 40. Kh2 Qf3 41. d8=Q+ Kh7 42. Qxf7+ Kh6 43. Qh8# 1-0

[Event "*** Titled Tuesday Blitz"]
[Site "Chess.com"]
[Date "2019.07.02"]
[Round "2"]
[White "SoltaniciR"]
[Black "TheCount"]
[Result "0-1"]
[WhiteElo "2557"]
[BlackElo "2768"]
[TimeControl "180+2"]
[EndTime "13:24:33 PDT"]
[Termination "TheCount won by resignation"]

1. e4 c5 2. Nf3 Nc6 3. Nc3 g6 4.
d4 cxd4 5. Nxd4 Bg7 6. Be3 Nf6 7.
Nxc6 bxc6 8. e5 Ng8 9. Bd4 Nh6 10. e6 O-O 11. Bxg7 Kxg7 12. exd7 Qxd7 13. Qxd7 Bxd7 14.
O-O-O Be6 15. h3 Nf5 16. Ba6 Rab8 17. Rhe1 Nh4 18. Bf1 Rfd8 19. b3 g5 20. Ne4 Kg6 21. Nc5 Rxd1+ 22. Kxd1 Rd8+ 23. Kc1 Bd5 24. f3 Kf6 25. c4 Be6 26. Nxe6 fxe6 27. Kc2 h6 28. Kc3 Ng6 29. b4 e5 30. g3 h5 31. Bd3 Nf8 32. Be4 Rc8 33. Rd1 h4 34. gxh4 gxh4 35. a4 Rc7 36.
Rg1 Ne6 37. Rg6+ Kf7 38. Rh6 Ng5 39. Rxh4 Nxe4+ 40. fxe4 Rd7 41. Rh6 Rd4 42. Rxc6 Rxe4 43. b5 Re3+ 44. Kb4 e4 45. Rh6 Re1 46. Rh4 Kf6 47. Kc5 e3 48. Re4 e5 49. a5 Kf5 50. Rxe3 Rxe3 51. b6 axb6+ 52. axb6 Rb3 53. Kc6 e4 54. b7 e3 0-1

[Event "*** Titled Tuesday Blitz"]
[Site "Chess.com"]
[Date "2019.07.02"]
[Round "2"]
[White "ram1zan"]
[Black "VovenRogel"]
[Result "1/2-1/2"]
[WhiteElo "2781"]
[BlackElo "2683"]
[TimeControl "180+2"]
[EndTime "13:24:35 PDT"]
[Termination "Game drawn by agreement"]

1. d4 Nf6 2. Bg5 d5 3. Bxf6 exf6 4. e3 Bd6 5. g3 O-O 6. Bg2 c6 7. Nd2 b5 8. Ne2 f5 9. O-O Nd7 10. b3 b4 11. c4 bxc3 12. Nxc3 a5 13. Qc2 Nb6 14.
Rfd1 Bd7 15. Nf3 Qe7 16. Ne1 Ra7 17. Nd3 a4 18. bxa4 Rfa8 19. Nb2 h5 20. h4 g6 21. Rab1 Kg7 22. Nd3 Nxa4 23. Ne2 Ra6 24. Rb7 R8a7 25. Rdb1 Qd8 26. Nef4 Rxb7 27. Rxb7 Bc8 28. Rb1 Rb6 29. Rc1 Bxf4 30. exf4 Ra6 31. Ne5 Bd7 32. Bf1 Ra7 33.
Nxc6 Bxc6 34. Qxc6 Nb6 35. Rb1 Na8 36. a4 Nc7 37.
Rc1 Ne6 38. Bb5 Nxd4 39. Qc5 Nxb5 40. axb5 Rb7 41. Rd1 Rd7 42. b6 d4 43. Qe5+ Qf6 44. Qxf6+ Kxf6 45. b7 Rxb7 46. Rxd4 1/2-1/2

[Event "*** Titled Tuesday Blitz"]
[Site "Chess.com"]
[Date "2019.07.02"]
[Round "2"]
[White "ethylalcohol"]
[Black "Nastasia28"]
[Result "1-0"]
[WhiteElo "2093"]
[BlackElo "1856"]
[TimeControl "180+2"]
[EndTime "13:24:39 PDT"]
[Termination "ethylalcohol won by checkmate"]

1. d4 Nf6 2. Nf3 e6 3. Bf4 b6 4. e3 Bb7 5. Be2 h6 6. h3 c5 7. Nbd2 Nc6 8. Nc4 d5 9. Nce5 Nd7 10. Bb5 Rc8 11. Nxd7 Qxd7 12. Ne5 Qe7 13. O-O a6 14.
Nxc6 Bxc6 15. Bxa6 Ra8 16. Be2 g5 17. Be5 f6 18.
Bh5+ Kd7 19. Bg3 Bg7 20. c4 cxd4 21. cxd5 Bxd5 22. Rc1 Rhc8 23. Qxd4 f5 24. Be5 Bxe5 25. Qxe5 Rc5 26. Rfd1 Rxc1 27. Rxc1 Rc8 28. Rd1 Rc5 29. e4 fxe4 30. Bg4 Kc6 31. b4 Rb5 32. Qc3+ Kb7 33. Rc1 Qd7 34. a4 Rc5 35. bxc5 Qxa4 36. Qg7+ Ka6 37.
cxb6 Kxb6 38. Qc7+ Ka6 39. Be2+ Bc4 40. Bxc4+ Qxc4 41. Qxc4+ Kb6 42. Rb1+ Ka5 43. Qa2# 1-0

[Event "*** Titled Tuesday Blitz"]
[Site "Chess.com"]
[Date "2019.07.02"]
[Round "2"]
[White "DanielNaroditsky"]
[Black "DenisQ"]
[Result "1-0"]
[WhiteElo "3019"]
[BlackElo "2611"]
[TimeControl "180+2"]
[EndTime "13:24:40 PDT"]
[Termination "DanielNaroditsky won by resignation"]

1. d4 d5 2. Nc3 Nf6 3. Bf4 Bf5 4. f3 e6 5. g4 Bg6 6. h4 h6 7. h5 Bh7 8. e3 a6 9. Bd3 Bxd3 10. cxd3 c5 11.
dxc5 Bxc5 12. d4 Bd6 13. Nge2 Nc6 14. Bxd6 Qxd6 15. Nf4 Rc8 16. Kf2 O-O 17. Rc1 Rfe8 18. Qd2 e5 19. dxe5 Rxe5 20. Rcd1 Rd8 21. Nce2 Rde8 22.
Ng2 R5e7 23. Nd4 Nxd4 24. Qxd4 Rc7 25. Rd2 Rec8 26. b3 Rc2 27. Nf4 Qa3 28. Rd1 Qxa2 29.
Nxd5 Rxd2+ 30. Rxd2 Rc2 31. Ne7+ Kf8 32. Qd8+ Ne8 33. Rxc2 Qxc2+ 34. Kg3 Qxb3 35. Nf5 Qb4 36. e4 a5 37. e5 Qe1+ 38. Kf4 Qc1+ 39. Kg3 Qg1+ 40.
Kh3 Qc1 41. Qe7+ Kg8 42. Qxe8+ Kh7 43. Qxf7 Qf1+ 44. Kg3 Qg1+ 45. Kf4 1-0

[Event "*** Titled Tuesday Blitz"]
[Site "Chess.com"]
[Date "2019.07.02"]
[Round "2"]
[White "senecacrane"]
[Black "Hamisandwich"]
[Result "1-0"]
[WhiteElo "2336"]
[BlackElo "2448"]
[TimeControl "180+2"]
[EndTime "13:24:41 PDT"]
[Termination "senecacrane won by resignation"]

1. Nf3 Nf6 2. e3 g6 3. c4 Bg7 4. d4 O-O 5. Be2 d6 6. O-O b6 7. Nc3 Bb7 8. Qc2 Nbd7 9. Rd1 Qe8 10. b3 e5 11. dxe5 Nxe5 12. Nxe5 Qxe5 13. Bb2 Ne4 14.
Nxe4 Qxb2 15. Qxb2 Bxb2 16. Rab1 Bg7 17. Ng3 Rfe8 18.
Bf3 Bxf3 19. gxf3 a5 20. a4 f5 21. Ne2 Kf7 22. Nf4 Rab8 23. Nd5 c6 24. Nf4 Be5 25.
Nd3 Bf6 26. Nf4 g5 27. Nh5 Be7 28. Ng3 Ke6 29. Ne2 Bf6 30. Nd4+ Bxd4 31. Rxd4 Red8 32.
Rbd1 h6 33. Kf1 d5 34. cxd5+ Rxd5 35. Rxd5 cxd5 36. Rc1 Kd6 37. Ke2 Re8 38. Kd3 f4 39. Rc2 Rf8 40. e4 dxe4+ 41. fxe4 Ke5 42. f3 g4 43.
fxg4 Rd8+ 44. Ke2 Kxe4 45. Rc4+ Ke5 46. Rc6 h5 47. gxh5 Rg8 48. Rxb6 Rg2+ 49. Kf3 Rxh2 50. Rb5+ Kd4 51. Kxf4 1-0

[Event "*** Titled Tuesday Blitz"]
[Site "Chess.com"]
[Date "2019.07.02"]
[Round "2"]
[White "tteshan"]
[Black "guillembaches"]
[Result "0-1"]
[WhiteElo "2241"]
[BlackElo "2321"]
[TimeControl "180+2"]
[EndTime "13:24:42 PDT"]
[Termination "guillembaches won by resignation"]

1. d4 Nf6 2. c4 e6 3. Nc3 Bb4 4. e3 c5 5. Bd3 Nc6 6. a3 Bxc3+ 7.
bxc3 d5 8. cxd5 exd5 9. Nf3 O-O 10. O-O b6 11. a4 Re8 12. Bb5 Bd7 13. Bxc6 Bxc6 14.
Ne5 Bb7 15. a5 Rc8 16. axb6 axb6 17. Qb3 c4 18. Qb4 Nd7 19. f4 Nxe5 20. fxe5 Rc6 21. Ra7 Qb8 22. Ra2 Bc8 23. Raf2 Be6 24. Qb5 Qb7 25. e4 Rd8 26. Bg5 Rd7 27. exd5 Bxd5 28.
Ra1 Rg6 29. Bf4 Bxg2 30. Bg3 Bd5 31. Rb2 h5 32. Kf1 Rd8 33. Bh4 Rc8 34. Bf2 Bg2+ 35.
Ke1 Qe4+ 36. Re2 Qb7 37. Rb1 Bd5 38. Qb2 Kh7 39. Bg3 Rg4 40. Qd2 h4 41. Bf2 Qd7 42. Qe3 Qf5 43. Ra1 Rg2 44. Kd2 Bf3 45. Ree1 Be4 46. Rf1 Bd3 0-1

[Event "*** Titled Tuesday Blitz"]
[Site "Chess.com"]
[Date "2019.07.02"]
[Round "2"]
[White "DoHoChess"]
[Black "vova-79"]
[Result "1/2-1/2"]
[WhiteElo "2561"]
[BlackElo "2403"]
[TimeControl "180+2"]
[EndTime "13:24:42 PDT"]
[Termination "Game drawn by repetition"]

1. d4 d5 2. Nc3 e6 3. Bf4 Nf6 4. Nb5 Na6 5. a3 c6 6. Nc3 Bd6 7. e3 O-O 8. Nf3 Nc7 9. Ne5 Qe7 10. g4 Nd7 11. h4 f6 12. Nxd7 Bxd7 13. Bxd6 Qxd6 14.
g5 e5 15. Bh3 Rae8 16. Bxd7 Qxd7 17. Ne2 fxg5 18. Ng3 g4 19. dxe5 Rxe5 20. Qd4 Re7 21. h5 h6 22. Rh4 Ne6 23. Qxg4 Ng5 24. Qxd7 Rxd7 25. Ke2 Rdf7 26. f4 Ne6 27. c3 Nc5 28.
Rg4 Kh7 29. Rg1 Re8 30. Rg6 Ne4 31. Nxe4 Rxe4 32. Kf3 Ree7 33. Rd6 Re8 34. Rgg6 Rfe7 35. Kg4 Rxe3 36. Rd7 R3e7 37. Rgd6 Kg8 38. b4 Kf7 39. a4 Rxd7 40. Rxd7+ Re7 41. Rd8 Re8 42. Rd7+ Re7 43. Rd8 Re8 44. Rd7+ 1/2-1/2

[Event "*** Titled Tuesday Blitz"]
[Site "Chess.com"]
[Date "2019.07.02"]
[Round "2"]
[White "IMRosen"]
[Black "GrigorGrigorov"]
[Result "0-1"]
[WhiteElo "2562"]
[BlackElo "2776"]
[TimeControl "180+2"]
[EndTime "13:24:46 PDT"]
[Termination "GrigorGrigorov won by resignation"]

1. d4 Nf6 2. Bf4 e6 3. e3 d5 4. Nd2 Bd6 5. Bg3 O-O 6. Ngf3 c5 7. c3 Qc7 8. Ne5 Nbd7 9. f4 b6 10. Bd3 Bb7 11. Qb1 c4 12. Bc2 b5 13. O-O b4 14.
Bh4 g6 15. g4 Rab8 16. Qd1 bxc3 17. bxc3 Ne8 18. g5 Ng7 19. Ndf3 Nf5 20. Bf2 Nxe5 21.
fxe5 Ba3 22. Rb1 Bc6 23. Qd2 Rxb1 24. Rxb1 Rb8 25. Qd1 Rxb1 26. Qxb1 Qb6 27. Nd2 Bb2 28. Bxf5 Bxc3 29. Nxc4 dxc4 30. Bc2 Qxb1+ 31. Bxb1 Ba4 32.
Kf1 Bd2 33. Ke2 c3 34. Bd3 Bc1 35. e4 c2 36. d5 Bxg5 37. Bxc2 Bxc2 38. d6 Bxe4 39.
Bxa7 Kf8 40. d7 Ke7 41. Bb6 Kxd7 42. a4 Kc6 43. a5 Bf4 44. Bd4 Bxh2 45. Ke3 Bd5 46.
a6 Bg1+ 47. Kd3 Bxd4 48. Kxd4 Kb6 49. a7 Kxa7 0-1

[Event "*** Titled Tuesday Blitz"]
[Site "Chess.com"]
[Date "2019.07.02"]
[Round "2"]
[White "DonPreuss"]
[Black "Maili15"]
[Result "1-0"]
[WhiteElo "2185"]
[BlackElo "2251"]
[TimeControl "180+2"]
[EndTime "13:24:47 PDT"]
[Termination "DonPreuss won by resignation"]

1. d4 d5 2. e4 dxe4 3. Nc3 Bf5 4. f3 Nf6 5. f4 e6 6. Be2 Nbd7 7. g4 Nxg4 8. h4 Ngf6 9. Be3 Be7 10. Qd2 Nd5 11.
O-O-O Bxh4 12. Nh3 c6 13. Ng5 Bxg5 14. fxg5 N7b6 15.
a4 Nxc3 16. Qxc3 Nxa4 17. Qb3 Nb6 18. c4 Qc7 19. Kb1 a5 20. d5 Nd7 21. d6 Qc8 22. c5 Qb8 23. Qc3 e5 24. Rdf1 Be6 25. Bc4 Nf8 26. d7+ Kxd7 27. Rd1+ Ke7 28. g6 Nxg6 29.
Bxe6 Kxe6 30. Rd6+ Ke7 31. Rhd1 Rd8 32. Rxd8 Qxd8 33. Rxd8 Rxd8 34. Qxa5 h6 35. Qb4 f5 36.
Qxb7+ Rd7 37. Qxc6 Nf8 38. b4 f4 39. Bf2 e3 40. Bh4+ g5 41. Qxh6 gxh4 42. Qxh4+ Ke8 43. Kc2 Rd2+ 44. Kc3 Ne6 45. Qf6 Kd7 46. Qf7+ Kc8 47. Qxe6+ Kb7 48. Qxe5 Rd7 49. Qxf4 Re7 50. Qf1 e2 51. Qe1 Kc6 52. Kd2 Kb5 53. Qxe2+ Rxe2+ 54. Kxe2 1-0

[Event "*** Titled Tuesday Blitz"]
[Site "Chess.com"]
[Date "2019.07.02"]
[Round "2"]
[White "Vamostodorecto"]
[Black "PotapovaM"]
[Result "1-0"]
[WhiteElo "2411"]
[BlackElo "2490"]
[TimeControl "180+2"]
[EndTime "13:24:51 PDT"]
[Termination "Vamostodorecto won on time"]

1. d4 Nf6 2. c4 c5 3. d5 b5 4. cxb5 g6 5. Nc3 a6 6. e4 d6 7. bxa6 Bg7 8. Nf3 Qa5 9. Bd2 Bxa6 10. Bxa6 Qxa6 11. Qe2 Qxe2+ 12. Kxe2 O-O 13. a4 Na6 14. b3 Rfb8 15. Rab1 Nb4 16. Ne1 Ng4 17. f3 Ne5 18. Nb5 Na6 19. Nd3 Nd7 20. Ba5 Rb7 21. f4 c4 22. bxc4 Nac5 23. Nxc5 Nxc5 24. Bc3 Rxb5 25. axb5 Bxc3 26. b6 Rb8 27. Kf3 Ba5 28. b7 Rxb7 29.
Rxb7 Nxb7 30. Rb1 Nc5 31. e5 Bc7 32. exd6 exd6 33. g4 Kf8 34. Re1 Nd3 35. Re3 Nc5 36.
h4 h5 37. gxh5 gxh5 38. Re1 Bd8 39. Rg1 Bf6 40. Re1 1-0

[Event "*** Titled Tuesday Blitz"]
[Site "Chess.com"]
[Date "2019.07.02"]
[Round "2"]
[White "Andrii_Prydun"]
[Black "Warerman"]
[Result "1/2-1/2"]
[WhiteElo "2301"]
[BlackElo "2433"]
[TimeControl "180+2"]
[EndTime "13:24:51 PDT"]
[Termination "Game drawn - insufficient material"]

1. e4 c6 2. Nf3 d5 3. Nc3 Bg4 4. h3 Bxf3 5. Qxf3 e6 6. d4 dxe4 7. Qxe4 Nf6 8. Qd3 Nbd7 9. Be2 Bd6 10. Bg5 h6 11. Bh4 Qc7 12. Ne4 Nxe4 13. Qxe4 g5 14. Bg3 Bxg3 15. fxg3 Qxg3+ 16. Kf1 Nf6 17. Qf3 Qxf3+ 18.
Bxf3 O-O-O 19. c3 Nd5 20. Re1 Kc7 21. Kf2 Nf4 22. Re3 c5 23. g3 cxd4 24. cxd4 Nd5 25. Rc1+ Kb8 26. Rb3 Rc8 27. Rc5 Rxc5 28. dxc5 Rc8 29.
Bxd5 exd5 30. Rc3 Kc7 31. Rf3 Kb8 32. b4 Rc7 33. Rf6 a5 34. a3 axb4 35. axb4 Re7 36. Rxh6 Re4 37. Rd6 Rxb4 38. Rxd5 f6 39. Rf5 Rc4 40. Kf3 Kc7 41. Rxf6 Rxc5 42. Kg4 b5 43. h4 gxh4 44. gxh4 b4 45. h5 b3 46. Rf1 Rb5 47. h6 Kc6 48. h7 Rb8 49. Kg5 Kc5 50.
Kg6 Kc4 51. Kg7 b2 52. Rb1 Kc3 53. h8=Q Rxh8 54. Kxh8 Kc2 55. Rxb2+ Kxb2 1/2-1/2

[Event "*** Titled Tuesday Blitz"]
[Site "Chess.com"]
[Date "2019.07.02"]
[Round "2"]
[White "Roenko_Artur"]
[Black "King_of_the_wing"]
[Result "1-0"]
[WhiteElo "2257"]
[BlackElo "2152"]
[TimeControl "180+2"]
[EndTime "13:24:51 PDT"]
[Termination "Roenko_Artur won by resignation"]

1. e4 e6 2. d4 d5 3. Nd2 Nf6 4. e5 Nfd7 5. Bd3 c5 6. c3 Nc6 7. Ne2 cxd4 8. cxd4 f6 9. Nf4 Nxd4 10. Qh5+ Ke7 11.
Ng6+ hxg6 12. exf6+ Nxf6 13. Qxh8 Kf7 14. O-O e5 15. b3 e4 16. Bb1 Ne2+ 17. Kh1 Bf5 18. Bb2 d4 19. Nc4 Qd5 20. Re1 Nf4 21. Rd1 Ne6 22. Ne3 Qe5 23. Nxf5 gxf5 24. a3 Bd6 25. Qh3 Ng4 26. Rf1 Nf4 27. Qh4 Be7 28. Qg3 Rh8 29. h3 g5 30. Bc2 Qd5 31. Rae1 e3 32. f3 Nf2+ 33. Rxf2 exf2 34. Qxf2 Nxh3 35. gxh3 Rxh3+ 36. Kg2 g4 37. Bd1 Bd6 38. Rh1 Rxh1 39. Kxh1 Qxb3 40. Bxb3+ 1-0

[Event "*** Titled Tuesday Blitz"]
[Site "Chess.com"]
[Date "2019.07.02"]
[Round "2"]
[White "Supernotar"]
[Black "rasmussvane"]
[Result "1-0"]
[WhiteElo "2619"]
[BlackElo "2883"]
[TimeControl "180+2"]
[EndTime "13:24:53 PDT"]
[Termination "Supernotar won by resignation"]

1. d4 d5 2. c4 c6 3. e3 Nf6 4. Bd3 e5 5. Nc3 e4 6. Bc2 Bd6 7. f3 O-O 8. fxe4 dxe4 9. Qe2 Re8 10. Bd2 Na6 11. a3 Rb8 12. Nh3 Bg4 13. Qf2 b5 14. c5 Bf8 15. b4 Nc7 16. Nf4 Ncd5 17. Ncxd5 Nxd5 18. O-O Rb7 19. Bb3 Be6 20. Nxe6 Rxe6 21.
a4 a6 22. axb5 axb5 23. Ra6 g6 24. Rfa1 Rb8 25. Ra7 Be7 26. Qg3 Kg7 27. Bxd5 cxd5 28. Be1 h5 29. Qh3 Kg8 30. Bg3 Rc8 31. Bf4 Bg5 32. Qg3 Bxf4 33. Qxf4 Rf6 34. Qe5 Rf5 35. Qe7 Qxe7 36. Rxe7 h4 37. h3 Rg5 38. Ra5 Rg3 39.
Raa7 Rf8 40. Kf2 g5 41. c6 Kg7 42. c7 g4 43. Rd7 gxh3 44. gxh3 Rf3+ 45. Ke2 Rh8 46.
Rd8 Rh6 47. c8=Q Rg6 48. Rg8+ 1-0

[Event "*** Titled Tuesday Blitz"]
[Site "Chess.com"]
[Date "2019.07.02"]
[Round "2"]
[White "eldur16"]
[Black "VeraNebolsina"]
[Result "1-0"]
[WhiteElo "2577"]
[BlackElo "2341"]
[TimeControl "180+2"]
[EndTime "13:24:55 PDT"]
[Termination "eldur16 won by resignation"]

1. d4 Nf6 2. c4 g6 3. Nc3 Bg7 4. e4 d6 5. Be2 O-O 6. Be3 Nc6 7. Nf3 Ng4 8. Bg5 h6 9. Bh4 Nf6 10. O-O e5 11. d5 Ne7 12. Nd2 g5 13. Bg3 Ng6 14. Re1 Nf4 15. Bf1 h5 16. f3 h4 17.
Bf2 Qe7 18. b4 Ne8 19. c5 f5 20. exf5 Bxf5 21. Nde4 a6 22. Rc1 Rf7 23. a4 Bh6 24. a5 Nf6 25. cxd6 cxd6 26. Nxf6+ Qxf6 27. h3 Qg6 28. Ne4 Raf8 29. Rc3 g4 30. hxg4 Bxe4 31. Rxe4 Bg5 32. Rec4 Qh6 33. Kh2 Ng6 34. Rc8 Bf4+ 35. Kh1 e4 36. fxe4 Be5 37. Rxf8+ Qxf8 38. Rf3 h3 39.
Rf5 hxg2+ 40. Bxg2 Qh6+ 41. Kg1 Qh2+ 42. Kf1 Nf4 43. Qf3 Rc7 44. Be3 Rc3 45. Rxf4 Rxe3 46. Rf8+ Kh7 47. Qf5+ Kh6 48. g5+ Kh5 49. Bf3+ Rxf3+ 50. Qxf3+ Kxg5 51. Rg8+ Kh6 52. Qf8+ 1-0

[Event "*** Titled Tuesday Blitz"]
[Site "Chess.com"]
[Date "2019.07.02"]
[Round "2"]
[White "GameOverBro"]
[Black "FedaMaster"]
[Result "1-0"]
[WhiteElo "2490"]
[BlackElo "2505"]
[TimeControl "180+2"]
[EndTime "13:24:56 PDT"]
[Termination "GameOverBro won by resignation"]

1. e4 d5 2. exd5 Qxd5 3. Nc3 Qd6 4. d4 Nf6 5. Bc4 a6 6. Nge2 b5 7. Bb3 Bb7 8. Bf4 Qd8 9. O-O e6 10. Ng3 Bd6 11. Qd2 Nbd7 12. Rfe1 O-O 13. Rad1 Rc8 14. a4 b4 15. Nce2 Nd5 16. Ne4 Nxf4 17. Nxf4 Nf6 18.
Nxd6 Qxd6 19. Nxe6 Rfe8 20. Nc5 Ba8 21. Qxb4 Ng4 22.
g3 Qh6 23. h4 Qf6 24. Nd3 Qf3 25. d5 c5 26. Qf4 Qxf4 27. Nxf4 Rxe1+ 28. Rxe1 c4 29. Bxc4 g5 30. Be2 gxf4 31. Bxg4 Rd8 32. c4 fxg3 33. fxg3 Kg7 34. b4 Rb8 35. b5 Kf6 36.
Kf2 Bb7 37. Kf3 axb5 38. axb5 Ra8 39. Re3 Ra4 40. Re4 Kg6 41. Kf4 h5 42. Bf5+ Kf6 43.
Rd4 Ke7 44. d6+ Kd8 45. Ke5 Ra3 46. Kf6 Rxg3 47. Kxf7 Rf3 48. Kg6 Rc3 49. Kxh5 Bf3+ 50. Kg5 Be2 51. Be6 Re3 52. Kf6 Rf3+ 53. Ke5 Re3+ 54.
Kf5 Rf3+ 55. Ke4 Rf6 56. Bf5 Rh6 57. Ke3 Bf1 58. b6 Bg2 59. c5 Rh5 60. Rf4 Bc6 61. Bg6 Rxc5 62. Rf8+ Kd7 63. Be8+ Kxd6 64. Bxc6 Kxc6 65.
Rc8+ Kxb6 66. Rxc5 Kxc5 67. h5 Kd6 68. h6 Ke7 69. h7 Kf7 70. h8=Q 1-0

[Event "*** Titled Tuesday Blitz"]
[Site "Chess.com"]
[Date "2019.07.02"]
[Round "2"]
[White "ChesterF"]
[Black "vlad_Sid"]
[Result "0-1"]
[WhiteElo "2360"]
[BlackElo "2540"]
[TimeControl "180+2"]
[EndTime "13:24:58 PDT"]
[Termination "vlad_Sid won by resignation"]

1. e4 c6 2. d4 d5 3. e5 Bf5 4. h4 h5 5. Bd3 Bxd3 6. Qxd3 e6 7. Bg5 Be7 8. Nf3 Nh6 9. Bxh6 Rxh6 10. Nc3 Nd7 11. O-O-O a6 12. Kb1 Qc7 13. Ng5 Nf8 14.
f4 f6 15. exf6 gxf6 16. Nf3 Qxf4 17. Rde1 O-O-O 18. Rhf1 Qd6 19. Na4 Nd7 20. Qe3 Rh7 21.
Nc5 Nxc5 22. dxc5 Qxc5 23. Qxe6+ Kb8 24. c3 Rg7 25. Nd4 Qd6 26. Nf5 Qxe6 27. Rxe6 Rxg2 28. Rxe7 c5 29. Ne3 Rh2 30. Rd1 d4 31. cxd4 Rxd4 32.
Rc1 Rdxh4 33. a3 Re2 34. Rxc5 Rhh2 35. Rc2 h4 36. Rxe2 Rxe2 37. Nf5 Rxe7 38. Nxe7 h3 39. Nf5 Kc7 40. Ng3 Kd6 41. Kc2 Ke5 42. Kd3 Kf4 43.
Nf1 Kf3 44. Kd4 f5 45. Ke5 f4 46. Nh2+ Kg3 47. Nf1+ Kg2 48. Kxf4 Kxf1 49. Kg3 Ke2 50. Kxh3 Kd2 51. Kg3 Kc2 0-1

[Event "*** Titled Tuesday Blitz"]
[Site "Chess.com"]
[Date "2019.07.02"]
[Round "2"]
[White "G_Threepwood"]
[Black "Benjoneliere44"]
[Result "0-1"]
[WhiteElo "2430"]
[BlackElo "2430"]
[TimeControl "180+2"]
[EndTime "13:24:58 PDT"]
[Termination "Benjoneliere44 won on time"]

1. e4 c5 2. Nc3 Nc6 3. Nf3 g6 4. d4 cxd4 5. Nxd4 Bg7 6. Be3 d6 7.
Bc4 Nf6 8. f3 O-O 9. Bb3 Bd7 10.
h4 h5 11. Qd2 Ne5 12. g4 Rc8 13. Bh6 Nfxg4 14. Bxg7 Kxg7 15. fxg4 Bxg4 16. Nce2 Qb6 17. O-O-O Rc5 18. Rdf1 a5 19. a4 Nc4 20. Bxc4 Rxc4 21. b3 Bxe2 22. Nxe2 Rxe4 23. Nc3 Rd4 24. Qf2 Qb4 25. Nb5 Rg4 26. Kb2 d5 27. Rh3 e6 28.
Rf3 Qe7 29. Rc3 Qxh4 30. Qb6 Rf4 31. Rxf4 Qxf4 32. Qxa5 h4 33. Qb6 Rh8 34. Nd6 h3 35. Rc7 h2 36. Nxf7 h1=Q 37. Nxh8+ Kh6 38. Nf7+ Kh5 39.
Qxe6 Qhe4 40. Qh3+ Qh4 41. Qd7 Qf6+ 42. Ka2 Qef5 43. Qe8 Kh4 44. Qe1+ Qf2 45. Qh1+ Kg3 46. Rc3+ Qxc3 0-1

[Event "*** Titled Tuesday Blitz"]
[Site "Chess.com"]
[Date "2019.07.02"]
[Round "2"]
[White "LarissaSteenbekkers"]
[Black "IngOscarArdila"]
[Result "1-0"]
[WhiteElo "1979"]
[BlackElo "2029"]
[TimeControl "180+2"]
[EndTime "13:25:00 PDT"]
[Termination "LarissaSteenbekkers won on time"]

1. e4 e5 2. Nf3 Nf6 3. Nxe5 d6 4. Nf3 Nxe4 5. d4 d5 6. Bd3 Be7 7. O-O Nc6 8. c4 Nb4 9. Be2 O-O 10. Nc3 Nxc3 11.
bxc3 Nc6 12. Rb1 b6 13. Bf4 Bf5 14. cxd5 Qxd5 15. Rb5 Qd7 16. d5 Na5 17. Ne5 Qc8 18. Nc6 Nxc6 19. dxc6 Rd8 20. Qc1 Bf6 21. Bg5 Rd6 22. Bf3 Bg6 23. Re1 Qa6 24. c4 Qxa2 25.
Bf4 Re6 26. Rxe6 fxe6 27. Bxc7 Rc8 28. Bd6 Bd4 29. Bg3 Be8 30. c7 Bxb5 31. cxb5 e5 32.
h3 Qf7 33. Qc6 Qxc7 34. Qd5+ Kh8 35. Bg4 Rd8 36. Qe4 g6 37. h4 Qg7 38. Kh2 Rf8 39. h5 gxh5 40. Be6 h6 41. Bh4 1-0

[Event "*** Titled Tuesday Blitz"]
[Site "Chess.com"]
[Date "2019.07.02"]
[Round "2"]
[White "penguingm1"]
[Black "Tarlev_Konstantin"]
[Result "1-0"]
[WhiteElo "2964"]
[BlackElo "2606"]
[TimeControl "180+2"]
[EndTime "13:25:01 PDT"]
[Termination "penguingm1 won by resignation"]

1. d4 Nf6 2. c4 e6 3. Nc3 Bb4 4. Qc2 O-O 5. Nf3 d5 6. Bg5 h6 7. Bxf6 Qxf6 8. e3 c5 9. a3 Bxc3+ 10. Qxc3 Nc6 11. cxd5 cxd4 12. Nxd4 exd5 13. Rd1 Bg4 14. Be2 Bxe2 15. Nxe2 Qg5 16. h4 Qf5 17. Ng3 Qe6 18. O-O Rad8 19. Rd2 d4 20. exd4 Rd5 21. Rfd1 Rfd8 22.
Ne2 Qf6 23. g3 g6 24. Kg2 Kg7 25. Qf3 Rf5 26. Qe3 Rfd5 27. Rd3 R8d7 28. R1d2 Re7 29. Qf3 Red7 30. Qxf6+ Kxf6 31. Kf3 Rf5+ 32. Kg2 Rfd5 33. g4 Kg7 34. Kg3 Ne5 35. Rc3 Nc6 36. Rc4 Ne5 37. Rb4 Nc6 38. Rb3 b6 39. Rbd3 g5 40. h5 b5 41. f3 a5 42. Kf2 a4 43. Ng3 Ne5 44. Nf5+ Kf6 45. dxe5+ 1-0

[Event "*** Titled Tuesday Blitz"]
[Site "Chess.com"]
[Date "2019.07.02"]
[Round "2"]
[White "Eliwood44"]
[Black "aa175"]
[Result "1/2-1/2"]
[WhiteElo "2343"]
[BlackElo "2248"]
[TimeControl "180+2"]
[EndTime "13:25:03 PDT"]
[Termination "Game drawn by agreement"]

1. d4 Nf6 2. c4 g6 3. Nf3 Bg7 4. g3 O-O 5. Bg2 d5 6. cxd5 Nxd5 7. O-O Nb6 8. Nc3 Nc6 9. d5 Nb4 10. e4 e6 11. a3 Na6 12. Bg5 Bf6 13. Bh6 Bg7 14.
Bxg7 Kxg7 15. Qd4+ Qf6 16. e5 Qd8 17. Rad1 Nxd5 18.
Nxd5 exd5 19. Qxd5 Qxd5 20. Rxd5 c6 21. Rd6 Re8 22. b4 Nc7 23. a4 Bg4 24. Re1 Rad8 25. Red1 Nd5 26. b5 Rxd6 27. exd6 Rd8 28. bxc6 bxc6 29.
Rb1 Rxd6 30. Ne5 Nc3 31. Ra1 Rd1+ 32. Rxd1 Bxd1 33. Nxc6 a6 34. a5 Ne2+ 35. Kf1 Nc1 36. Ke1 Ba4 37. Nb4 Bb5 38. Bd5 Ne2 39. Bb7 Nd4 40. Bxa6 Bxa6 41. Nxa6 Nb3 42. Nb4 Nxa5 43. Ke2 Nc4 44. Kd3 Ne5+ 45. Ke4 Nd7 46. Nd5 Nf8 47. f4 Ne6 48. g4 Nf8 49. f5 Nd7 50. h4 h6 51. Kd4 g5 52. hxg5 hxg5 53. Ne3 f6 54.
Kd5 Ne5 55. Ke6 Nf3 56. Nd5 Nd4+ 57. Ke7 Nc6+ 58. Kd6 Ne5 59. Ne3 Kf7 60. Kd5 Nd7 61. Kd6 Ne5 62. Kd5 Nf3 1/2-1/2

[Event "*** Titled Tuesday Blitz"]
[Site "Chess.com"]
[Date "2019.07.02"]
[Round "2"]
[White "VladDobrov"]
[Black "Daniela_Movileanu"]
[Result "1-0"]
[WhiteElo "2839"]
[BlackElo "2502"]
[TimeControl "180+2"]
[EndTime "13:25:04 PDT"]
[Termination "VladDobrov won on time"]

1. d4 Nf6 2. c4 g6 3. g3 Bg7 4. Bg2 d5 5. cxd5 Nxd5 6. Nf3 O-O 7. O-O Nb6 8. Nc3 Nc6 9. e3 e5 10. d5 Na5 11. e4 c6 12. Bg5 f6 13. Be3 cxd5 14.
exd5 Nac4 15. Bc5 Rf7 16. b3 Nd6 17. Re1 Bg4 18. Rc1 Rc8 19. Bb4 f5 20. h3 Bxf3 21. Qxf3 e4 22. Qd1 Rd7 23. f3 exf3 24.
Qxf3 Nf7 25. d6 Nxd6 26. Nd5 Rxc1 27. Rxc1 Ne4 28. Nf4 Bb2 29. Rc2 Rd1+ 30. Kh2 Bf6 31. Ba5 Rd7 32. Ne2 Qe7 33. Bxb6 axb6 34. Qe3 Qd6 35. Nf4 Be5 36. Bxe4 fxe4 37. Qxe4 Bxf4 38.
gxf4 Re7 39. Qf3 Rf7 40. Rc4 Qd2+ 41. Kg3 Qe1+ 42. Qf2 Qe6 43. h4 Qf5 44. Qf3 Qb1 45. Rc8+ Kg7 46. Qc3+ Kh6 47. Qe3 Rf5 48. Rc7 Qxa2 49.
Qc3 1-0